 Dungeon Crawl Stone Soup version 0.30-a0-377-g5cb311bc9f (webtiles) character file.

Game seed: 15347821681841069147

308 RascalDebosk the Magician (level 6, -1/42 HPs)
             Began as a Djinni Air Elementalist on Nov 25, 2022.
             Killed by their own static electricity (2 damage)
             ... on level 4 of the Dungeon on Nov 28, 2022.
             The game lasted 00:26:02 (3168 turns).

RascalDebosk the Magician (Djinni Air Elementalist) Turns: 3168, Time: 00:26:02

Health: -1/42      AC:  4    Str:  7    XL:     6   Next: 68%
Gold:   101        EV: 12    Int: 19    God:
                   SH:  0    Dex: 13

rFire   + + .      SeeInvis .    s - +0 dagger
rCold   x . .      Faith    .    (no shield)
rNeg    + . .      Spirit   .    a - +0 robe
rPois   ∞          Reflect  .    (no helmet)
rElec   .          Harm     .    t - +0 cloak
rCorr   .          Rampage  .    f - +0 pair of gloves
Will    .....                    (boots unavailable)
Stlth   ++........               (no amulet)
HPRegen 0.27/turn                c - ring of positive energy
MPRegen 0.00/turn                (no ring)

@: flying
A: sickness immunity, fire resistance 2, cold vulnerability 1, float, innate
caster, HP casting, extra vitality 1
a: no special abilities


You were on level 4 of the Dungeon.
You visited 1 branch of the dungeon, and saw 4 of its levels.

You collected 101 gold pieces.

Inventory:

Hand Weapons
 s - a +0 dagger (weapon)
Armour
 a - a +0 robe (worn)
 f - a +0 pair of gloves (worn)
 t - a +0 cloak (worn)
Jewellery
 c - a ring of positive energy (left hand)
Scrolls
 b - 4 scrolls of identify {unknown}
 j - 2 scrolls of teleportation {unknown}
 k - a scroll of amnesia {unknown}
 l - a scroll of enchant armour {unknown}
 m - a scroll of fog {unknown}
 n - a scroll of summoning {unknown}
 p - 2 scrolls of silence {unknown}
 q - a scroll of immolation {unknown}
 r - a scroll of enchant weapon {unknown}
Potions
 d - 3 potions of lignification {unknown}
 e - 3 potions of curing
 g - a potion of berserk rage {unknown}
 h - a potion of might {unknown}
 i - a potion of haste {unknown}
 o - a potion of degeneration {unknown}


   Skills:
 + Level 1.1 Fighting
 - Level 2.1 Dodging
 - Level 1.5 Stealth
 * Level 5.2 Spellcasting


You had 2 spell levels left.
You knew the following spells:

 Your Spells              Type           Power      Damage    Failure   Level
a - Shock                 Conj/Air       100%       1d9       1%          1
b - Static Discharge      Conj/Air       50%        2-5/arc   1%          2
c - Swiftness             Air            25%        N/A       4%          3
d - Airstrike             Air            12%        2d(2-18)  14%         4
e - Freeze                Ice            100%       1d10      1%          1
f - Call Imp              Summ           25%        N/A       1%          2
Your spell library was empty.

Dungeon Overview and Level Annotations

Branches:
Dungeon (4/15)
 Temple: D:4-7

Altars:
Dithmenos
Elyvilon
The Shining One

Shops:
D:1 ?   D:3 (

Annotations:
D:4 Robin


Innate Abilities, Weirdness & Mutations

You are immune to sickness and miasma.
You are immune to poison.
Your flesh is very heat resistant. (rF++)
You are vulnerable to cold. (rC-)
You float through the air rather than walking.
You learn spells naturally, not from books.
Your magical power is your life essence.
You have superior vitality. (+4 MHP)


Message History

Casting: Static Discharge (safe; 2% risk of failure)
Confirm with . or Enter, or press ? or * to list all spells.
The hound is struck by an arc of lightning.
You kill the hound!
You are struck by an arc of lightning.
Your Fighting skill increases to level 1!
You reach down and open the door.
An adder comes into view.
The adder hisses angrily.
Found a stone staircase leading down.
There is an open door here.
The adder bites you but does no damage.
Casting: Static Discharge (safe; 2% risk of failure)
Confirm with . or Enter, or press ? or * to list all spells.
The adder is struck by an arc of lightning.
The adder is heavily wounded.
You are struck by an arc of lightning.
The lightning grounds out.
The adder barely misses you.
Casting: Static Discharge (safe; 2% risk of failure)
Confirm with . or Enter, or press ? or * to list all spells.
The adder is struck by an arc of lightning.
The adder is severely wounded.
You are struck by an arc of lightning.
The adder is struck by an arc of lightning.
You kill the adder!
You are struck by an arc of lightning.
* * * LOW HITPOINT WARNING * * *
The lightning grounds out.
* * * LOW HITPOINT WARNING * * *
You start resting.
HP restored.
A goblin comes into view. It is wielding a +0 club.
The goblin shouts!
You hear a shout! x5; You hear a bark!
A hobgoblin comes into view.
Found a short sword.
A dart slug comes into view.
An orc comes into view. It is wielding a +0 mace.
A hobgoblin comes into view. 2 goblins come into view.
The goblin shouts!
The orc shouts!
You hear a shout! x2
A goblin comes into view. It is wielding a +0 dagger.
An orc priest comes into view. It is wielding a +0 trident.
The goblin moves out of view.
You hear a shout!
Robin and a hobgoblin come into view.
Robin roars a battlecry!
The hobgoblin goes into a battle-frenzy!
The orc closely misses you.
The orc priest hits you but does no damage.
Casting: Static Discharge (safe; 1% risk of failure)
Confirm with . or Enter, or press ? or * to list all spells.
The orc is struck by an arc of lightning.
The orc is moderately wounded.
The orc priest is struck by an arc of lightning.
The orc priest is moderately wounded.
The lightning grounds out.
Robin roars a battlecry!
The orc misses you. The orc priest barely misses you.
You hear a shout!
Casting: Static Discharge (safe; 1% risk of failure)
Confirm with . or Enter, or press ? or * to list all spells.
The orc is struck by an arc of lightning.
You kill the orc!
You are struck by an arc of lightning.
The lightning grounds out.
You hear an angry hiss.
Robin throws the goblin at you! The goblin hits you with a club.
The orc priest hits you from afar with a +0 trident!
Casting: Static Discharge (safe; 1% risk of failure)
Confirm with . or Enter, or press ? or * to list all spells.
The hobgoblin is struck by an arc of lightning.
The hobgoblin is almost dead.
You are struck by an arc of lightning.
The goblin is struck by an arc of lightning.
You kill the goblin!
You are struck by an arc of lightning.
* * * LOW HITPOINT WARNING * * *
The lightning grounds out.
* * * LOW HITPOINT WARNING * * *
An orc priest comes into view. It is wielding a +1 antimagic flail.
The orc priest calls down the wrath of Beogh upon you.
Beogh smites you!
* * * LOW HITPOINT WARNING * * *
An orc wizard comes into view. It is wielding a +0 dagger.
The hobgoblin hits you but does no damage.
Casting: Static Discharge (safe; 1% risk of failure)
Confirm with . or Enter, or press ? or * to list all spells.
The hobgoblin is struck by an arc of lightning.
You kill the hobgoblin!
Something is struck by an arc of lightning.
You feel a bit more experienced.
Something is struck by an arc of lightning.
The lightning grounds out.
The orc priest is struck by an arc of lightning.
The orc priest is moderately wounded.
You are struck by an arc of lightning.
* * * LOW HITPOINT WARNING * * *
The orc priest is struck by an arc of lightning.
The orc priest is moderately wounded.
You are struck by an arc of lightning.
You die...

.# #. #.# #.##
#.# #.#.# #.#
#.#.# #w# #o#.#
## #o# #.#.#...#
#)#o#.#+...#
#@#.#.#...#
#.#†#.#+...#
#.#.#.#.#...#
#.#.#.#.#....#
#g#.#)#.#.#...#
#g#g#g#.#.#.#+
#.#.#+#.#.#.#.##
.#g.
.g..#.#.#.## ..
.# g...#.#.#.#.#
...


You could see Robin, 2 orc priests, an orc wizard, a dart slug and a hobgoblin
(strong).

Vanquished Creatures
  A hound (D:4)
  Crazy Yiuf (D:3)
  Jessica (D:3)
  Natasha (thrice) (D:3)
  Terence (D:2)
  6 adders
  A worm (D:2)
  2 dart slugs (D:1)
  2 orcs
  8 bats
  7 endoplasms
  2 giant cockroaches
  4 goblins
  6 hobgoblins
  4 jackals (D:2)
  6 kobolds
  3 quokkas
  6 ball pythons
  3 frilled lizards
  2 rats (D:2)
69 creatures vanquished.

Vanquished Creatures (others)
  A plant (D:3)
1 creature vanquished.

Grand Total: 70 creatures vanquished

Notes
Turn   | Place    | Note
-------+----------+-------------------------------------------
     0 | D:1      | RascalDebosk the Djinni Air Elementalist began the quest
                  | for the Orb.
     0 | D:1      | RascalDebosk set off with the following spells memorised:
                  | Shock, Static Discharge, Swiftness, Airstrike.
     0 | D:1      | Reached XP level 1. HP: 15/15 MP: 0/0
     0 | D:1      | Upgraded the game from 0.30-a0-374-g95c0257040 to
                  | 0.30-a0-377-g5cb311bc9f
   143 | D:1      | Reached XP level 2. HP: 18/21 MP: 0/0
   290 | D:1      | Reached skill level 3 in Spellcasting
   384 | D:1      | Reached XP level 3. HP: 16/25 MP: 0/0
   384 | D:1      | Learned a level 1 spell: Freeze
   468 | D:1      | Found a faded altar of an unknown god.
   620 | D:1      | Found Guluoh Leargh's Magic Scroll Emporium.
  1042 | D:2      | Noticed Terence
  1065 | D:2      | Killed Terence
  1066 | D:2      | Reached XP level 4. HP: 2/31 MP: 0/0
  1542 | D:2      | Reached skill level 4 in Spellcasting
  2152 | D:3      | Noticed Jessica
  2154 | D:3      | Killed Jessica
  2155 | D:3      | Reached XP level 5. HP: 30/35 MP: 0/0
  2155 | D:3      | Learned a level 2 spell: Call Imp
  2157 | D:3      | Noticed Natasha
  2162 | D:3      | Killed Natasha
  2300 | D:3      | Found a white marble altar of Elyvilon.
  2372 | D:3      | Noticed Natasha
  2379 | D:3      | Killed Natasha
  2380 | D:3      | Reached XP level 6. HP: 22/40 MP: 0/0
  2459 | D:3      | Found Zaadovvu's Weapon Boutique.
  2526 | D:3      | Found a shadowy altar of Dithmenos.
  2530 | D:3      | Noticed Natasha
  2543 | D:3      | Killed Natasha
  2544 | D:3      | Reached skill level 5 in Spellcasting
  2749 | D:3      | Found a runed translucent door.
  2750 | D:3      | Noticed Crazy Yiuf
  2956 | D:3      | Killed Crazy Yiuf
  3023 | D:4      | Found a glowing golden altar of the Shining One.
  3064 | D:4      | Reached skill level 1 in Fighting
  3164 | D:4      | Noticed Robin
  3168 | D:4      | HP: 1/42 [/static electricity (3)]
  3168 | D:4      | Killed from afar by themself

Illustrated notes

Levels and vault maps discovered:
D:1:      wander_arrival_desolate, layout_loops_ring,
          hellmonk_ecumenical_altar_lost_god, serial_shops,
          nicolae_shop_window_shopping, chequers_serial_rivers_room_b
D:2:      layout_basic, uniq_terence
D:3:      layout_rooms, elyvilon_altar_1, mainiacjoe_overflow_catwalk_spiral,
          serial_shops, shop, uniq_jessica, uniq_natasha,
          uniq_crazy_yiuf_cottage
D:4:      layout_basic, nicolae_tso_carved_into_rock, uniq_robin,
          uniq_blork_the_orc

Skill      XL: |  1  2  3  4  5  6 |
---------------+-------------------+-----
Spellcasting   | 3 4 5 |  5.2
Fighting       | 1 |  1.1
Dodging        | |  2.1
Stealth        | |  1.5

Action                   |  1- 3 |  4- 6 || total
-------------------------+-------+-------++-------
Melee: Unarmed           |     7 |       ||     7
       Dagger            |       |    43 ||    43
 Cast: Shock             |    51 |    87 ||   138
       Static Discharge  |     3 |    12 ||    15
       Swiftness         |     1 |       ||     1
       Airstrike         |       |     2 ||     2
Armor: Robe              |     5 |    24 ||    29
Dodge: Dodged            |    14 |    51 ||    65

Table legend: (Time is in decaauts)
 A = Elapsed time spent in this place.
 B = Non-inter-level travel time spent in this place.
 C = Inter-level travel time spent in this place.
 D = Time resting spent in this place.
 E = Time spent auto-exploring this place.
 F = Levels seen in this place.
 G = Mean time per level.
                   A        B        C        D        E       F      G
               +--------+--------+--------+--------+--------+-----+--------+
         Total |   3170 |   3084 |     86 |    443 |   1772 |   4 |  792.5 |
       Dungeon |   3170 |   3084 |     86 |    443 |   1772 |   4 |  792.5 |
               +--------+--------+--------+--------+--------+-----+--------+

Top non-repeatable levels by time:
     D:2: 1135 daAuts
     D:1: 1014 daAuts
     D:3: 856 daAuts
     D:4: 163 daAuts
